cohdb
Replays
Latest Replays
All Replays
Popular Replays
Top Player Replays
Match Explorer
How It Works
Community
CoH3 Stats
Reddit
Sign in to upload your games and track your stats! →
Sign in with Steam
Match 41963852
Unlisted
Match 41963852
Overview
Messages
Build Orders
End
Selects Special Operations Battlegroup
Selects M29 Weasel Recon Vehicle
M29 Weasel Recon Vehicle
Construct Barracks
Riflemen Squad
Riflemen Squad
Infantry Support Center
Selects Raiding Flares
M1918 Browning Automatic Rifles
Construct Medical Station
Construct Motor Pool
WadoVice
DR.SCHINKEN™
0
0
Comments
sign in to comment!
No comments posted yet!